 Dungeon Crawl Stone Soup version 0.20.2-3-g29329e0561 (webtiles) character file.

2314 Alfie the Cutter (level 9, -6/112 HPs)
             Began as a Hill Orc Fighter on July 19, 2023.
             Mangled by an orc warrior
             ... wielding a +0 battleaxe
              (16 damage)
             ... on level 6 of the Dungeon.
             The game lasted 00:14:47 (5741 turns).

Alfie the Cutter (Hill Orc Fighter)                 Turns: 5741, Time: 00:14:47

Health: -6/112     AC: 11    Str: 27    XL:     9   Next: 41%
Magic:  9/9        EV:  9    Int:  8    God:
Gold:   209        SH: 12    Dex: 10    Spells: 8/8 levels left

rFire    . . .     SeeInvis .   a - +0 rapier
rCold    . . .     Gourm    .   c - +1 shield
rNeg     . . .     Faith    .   b - +1 scale mail
rPois    .         Spirit   .   v - +1 hat
rElec    .         Reflect  .   y - +0 cloak
rCorr    .         Harm     .   (no gloves)
MR       .....                  (no boots)
Stlth    ..........             (no amulet)
Regen    0.3/turn               (no ring)
MPRegen  0.2/turn               (no ring)

@: berserking, very quick
A: no striking features
a: no special abilities


You were on level 6 of the Dungeon.
You were not hungry.

You visited 1 branch of the dungeon, and saw 7 of its levels.

You collected 363 gold pieces.
You spent 154 gold pieces at shops.

Inventory:

Hand Weapons
 a - a +0 rapier (weapon)
Missiles
 t - 9 tomahawks (quivered)
Armour
 b - a +1 scale mail (worn)
 c - a +1 shield (worn)
 v - a +1 hat (worn)
 y - a +0 cloak (worn)
Jewellery
 j - a +2 ring of evasion {unknown}
 m - an uncursed ring of flight {unknown}
 n - an uncursed ring of wizardry {unknown}
 q - a cursed amulet of inaccuracy {unknown}
 w - an uncursed ring of fire {unknown}
Wands
 r - a wand of random effects (40/48)
 A - a wand of random effects (19/48)
Scrolls
 g - a scroll of fog
 k - a scroll of recharging
 p - 2 scrolls of identify
 u - 8 scrolls of teleportation
 x - 3 scrolls of remove curse
Potions
 d - 3 potions of might
 e - 2 potions of lignification
 h - a potion of haste
 l - 3 potions of ambrosia
 o - 2 potions of flight
 s - a potion of berserk rage
 B - a potion of agility {unknown}
Comestibles
 f - a bread ration
 i - 3 meat rations
 z - a royal jelly


   Skills:
 + Level 6.1 Fighting
 + Level 7.7 Short Blades
 + Level 2.0 Throwing
 + Level 6.6 Armour
 + Level 3.0 Dodging
 + Level 0.5 Stealth
 + Level 6.6 Shields


You had 8 spell levels left.
You didn't know any spells.

Dungeon Overview and Level Annotations

Branches:
Dungeon (7/15)             Temple (0/1) D:4

Altars:
Yredelemnul

Shops:
D:4 [


Message History

You kill the orc priest!
The orc warrior hits you but does no damage.
The orc warrior hits you but does no damage.
Things that are here:
a dagger; an orc corpse
There is a stone staircase leading down here.
You see here 18 arrows.
It was a potion of berserk rage.
A red film seems to cover your vision as you go berserk!
You feel yourself moving faster!
You feel mighty! The orc warrior closely misses you.
You are too berserk!
You hit the orc warrior.
The orc warrior is moderately wounded.
You hit the orc warrior but do no damage.
The orc warrior is moderately wounded.
You closely miss the orc warrior.
The orc warrior is moderately wounded.
The orc warrior hits you with a battleaxe!
You die...

.............#.....# #[....##....
.......#######...############.###
######.#######.........# ##.#.#
#....#......#####.# #...#.
####.#.####)# #.# #..###
#...##..>#####.# #....)
########(....#.#####.###.
#o###.#....##.....
#@###.####.##..###
#...#.#.##.##....#
###.#.#....###.#.#
#.#...######.#.# #............#..
##############.. #...........<#.#
#.##########...# #..........#.###


You could see an orc warrior.

Vanquished Creatures
  Pikel (D:6)
  The ghost of Alfie the Skirmisher, an amateur HOFi (D:4)
  The ghost of Alfie the Skirmisher, an amateur HOFi (D:3)
  2 sky beasts
  A phantom (D:5)
  An orc warrior (D:6)
  An ice beast (D:4)
  3 ogres
  A water moccasin skeleton (D:5)
  A scorpion (D:6)
  A crimson imp (D:6)
  2 hounds
  Crazy Yiuf (D:6)
  4 orc priests
  A jelly (D:5)
  7 orc wizards
  A centaur skeleton (D:4)
  Natasha (thrice) (D:3)
  2 worker ants
  5 adders
  2 oozes
  An adder skeleton (D:5)
  A worm (D:3)
  2 dart slugs
  5 leopard geckos
  20 orcs
  7 giant cockroaches
  7 goblins
  8 hobgoblins
  5 kobolds
  A quokka (D:4)
  A ball python (D:4)
  6 bats
  7 frilled lizards
  A goblin skeleton (D:2)
  4 rats
  A bush (D:6)
  2 fungi (D:6)
121 creatures vanquished.

Vanquished Creatures (others)
  A necrophage (D:6)
  A goblin (D:2)
2 creatures vanquished.

Grand Total: 123 creatures vanquished

Notes
Turn   | Place    | Note
-------+----------+-------------------------------------------
     0 | D:1      | Alfie the Hill Orc Fighter began the quest for the Orb.
     0 | D:1      | Reached XP level 1. HP: 19/19 MP: 1/1
   145 | D:1      | Reached XP level 2. HP: 26/27 MP: 2/2
  1002 | D:2      | Reached XP level 3. HP: 32/33 MP: 3/3
  1413 | D:2      | Found a runed door.
  1413 | D:2      | Noticed a human
  1422 | D:2      | Found a basalt altar of Yredelemnul.
  1566 | D:2      | Reached XP level 4. HP: 40/40 MP: 4/4
  1693 | D:2      | Reached skill level 3 in Short Blades
  1870 | D:3      | Noticed a sky beast
  1889 | D:3      | Killed a sky beast
  1889 | D:3      | Reached XP level 5. HP: 34/47 MP: 5/5
  1894 | D:3      | Noticed Natasha
  1901 | D:3      | Killed Natasha
  1954 | D:3      | Noticed Alfie's ghost (amateur HOFi)
  1965 | D:3      | Killed Alfie's ghost
  1965 | D:3      | Reached skill level 4 in Short Blades
  1965 | D:3      | Reached XP level 6. HP: 28/55 MP: 6/6
  2431 | D:3      | Reached skill level 5 in Fighting
  2613 | D:3      | Noticed Natasha
  2625 | D:3      | Killed Natasha
  2685 | D:3      | Noticed Natasha
  2698 | D:3      | Killed Natasha
  2698 | D:3      | Reached skill level 1 in Dodging
  2698 | D:3      | Reached XP level 7. HP: 56/61 MP: 7/7
  2984 | D:4      | Reached skill level 5 in Short Blades
  3066 | D:4      | Found Xoejy's Armour Shoppe.
  3073 | D:4      | Bought a +1 hat for 154 gold pieces
  3085 | D:4      | Found a staircase to the Ecumenical Temple.
  3176 | D:4      | Noticed Alfie's ghost (amateur HOFi)
  3195 | D:4      | Killed Alfie's ghost
  3195 | D:4      | Reached skill level 5 in Shields
  3266 | D:4      | Reached skill level 5 in Armour
  3567 | D:4      | Reached skill level 6 in Short Blades
  3567 | D:4      | Reached XP level 8. HP: 64/68 MP: 8/8
  3707 | D:5      | Entered Level 5 of the Dungeon
  4552 | D:5      | Reached skill level 1 in Throwing
  4846 | D:6      | Noticed Pikel
  4885 | D:6      | Killed Pikel
  4885 | D:6      | Reached skill level 7 in Short Blades
  4885 | D:6      | Reached XP level 9. HP: 63/75 MP: 9/9
  5637 | D:6      | Found a runed door.
  5642 | D:6      | Noticed Crazy Yiuf
  5644 | D:6      | Killed Crazy Yiuf
  5741 | D:6      | Mangled by an orc warrior

Skill      XL: |  1  2  3  4  5  6  7  8  9 |
---------------+----------------------------+-----
Fighting       | 4 5 6 |  6.1
Short Blades   | 3 4 6 7 |  7.7
Armour         | 4 5 6 |  6.6
Shields        | 4 5 6 |  6.6
Dodging        | 1 2 3 |  3.0
Throwing       | 2 |  2.0
Stealth        | |  0.5

Action                   |  1- 3 |  4- 6 |  7- 9 || total
-------------------------+-------+-------+-------++-------
Melee: Rapier            |   119 |   149 |   405 ||   673
Throw: Tomahawk          |       |       |    32 ||    32
  Use: Scroll            |     4 |     2 |     7 ||    13
       Potion            |       |     1 |     7 ||     8
  Eat: Fruit             |     2 |     1 |       ||     3
       Bread ration      |       |     1 |     1 ||     2
       Meat ration       |       |       |     1 ||     1
Armor: Scale mail        |    46 |    67 |    83 ||   196
       Skin              |       |       |    34 ||    34
Dodge: Dodged            |    42 |    39 |    84 ||   165
Block: Shield            |    53 |    65 |   172 ||   290
